 Dungeon Crawl Stone Soup version 0.18.1-48-g4cf74bf (webtiles) character file.

139776 juanjsm the Eclecticist (level 16, -8/85 HPs)
             Began as a Spriggan Enchanter on July 11, 2016.
             Was the Champion of Okawaru.
             Mangled by a merfolk
             ... wielding a +0 halberd
              (17 damage)
             ... on level 4 of the Shoals.
             The game lasted 04:16:40 (37656 turns).

juanjsm the Eclecticist (Spriggan Enchanter)       Turns: 37656, Time: 04:16:40

Health: -8/85      AC:  5    Str:  4    XL:     16   Next: 74%
Magic:  16/39      EV: 35    Int: 17    God:    Okawaru [******]
Gold:   815        SH:  9    Dex: 23    Spells: 10 memorised, 22 levels left

rFire  + + +     SeeInvis +     N - +4 dagger (vamp)
rCold  . . .     Gourm    .     y - +0 robe of the Big Bang {rElec}
rNeg   + + .     Faith    .     p - +0 buckler {rN+}
rPois  .         Spirit   .     r - +2 hat {SInv}
rElec  +         Dismiss  .     X - +0 cloak of Gucuop {rF++ MR+ Str-2 Stlth+}
rCorr  .         Reflect  .     (gloves unavailable)
SustAt +         Harm     .     (boots unavailable)
MR     +++++     Clarity  +     B - amulet of the Four Winds {rN+ MR+++ Clar}
Stlth  +++++++++.               F - ring of flight
                                I - ring of sustain attributes

@: lethally poisoned (-8 -> -14), repel missiles, very quick, almost entirely
resistant to hostile enchantments, incredibly stealthy
A: unfitting armour, horns 1, see invisible, fire resistance 1, herbivore 3,
speed 3, magic resistance 1, screaming 1, slow metabolism 2, strong 1, wild
magic 1, evolution 1
a: Heroism, Finesse, Renounce Religion, Evoke Flight


You were on level 4 of the Shoals.
You worshipped Okawaru.
Okawaru was exalted by your worship.
You were not hungry.

You visited 5 branches of the dungeon, and saw 30 of its levels.
You also visited: Labyrinth and Ossuary.

You collected 3599 gold pieces.
You spent 2784 gold pieces at shops.

Inventory:

Hand Weapons
 N - a +4 vampiric dagger (weapon)
Missiles
 e - 11 poisoned needles
Armour
 p - a +0 buckler of positive energy (worn)
 r - a +2 hat of see invisible (worn)
 y - the +0 robe of the Big Bang (worn) {rElec}
   (Okawaru gifted it to you on level 7 of the Lair of Beasts)

   It insulates you from electricity.
 X - the +0 cloak of Gucuop (worn) {rF++ MR+ Str-2 Stlth+}
   (You found it in a labyrinth)

   It affects your strength (-2).
   It greatly protects you from fire.
   It affects your resistance to hostile enchantments.
   It makes you more stealthy.
Jewellery
 h - an uncursed ring of magical power
 B - the amulet of the Four Winds (around neck) {rN+ MR+++ Clar}
   (You found it on level 12 of the Dungeon)

   [amulet of nothing]

   It protects you from negative energy.
   It affects your resistance to hostile enchantments.
   It protects you against confusion.
 F - a ring of flight (right hand)
 I - a ring of sustain attributes (left hand)
Wands
 u - a wand of teleportation (5/9)
Scrolls
 i - a scroll of identify
 l - a scroll of remove curse
 o - a scroll of magic mapping
 q - 14 scrolls of teleportation
 w - 5 scrolls of fog
 C - a scroll of enchant armour
 H - 3 scrolls of blinking
 T - 12 scrolls of fear
 U - a scroll of noise
 V - 5 scrolls of silence
Potions
 f - 7 potions of lignification
 j - 8 potions of curing
 k - 2 potions of cancellation
 m - 3 potions of heal wounds
 n - 8 potions of haste
 s - a potion of berserk rage
 v - 5 potions of agility
 z - 7 potions of might
 A - 5 potions of magic
 G - 2 potions of brilliance
 P - 3 potions of invisibility
 R - 3 potions of flight
Books
 a - a book of Air

   Spells                             Type                      Level
   a - Shock                          Conjuration/Air              1
   b - Swiftness                      Charms/Air                   2
   c - Repel Missiles                 Charms/Air                   2
   d - Static Discharge               Conjuration/Air              3
   e - Lightning Bolt                 Conjuration/Air              5
 b - a book of the Earth

   Spells                             Type                      Level
   a - Leda's Liquefaction            Hexes/Earth                  4
   b - Bolt of Magma                  Conjuration/Fire/Earth       5
   c - Statue Form                    Transmutation/Earth          6
   d - Iron Shot                      Conjuration/Earth            6
   e - Shatter                        Earth                        9
 t - a book of Burglary

   Spells                             Type                      Level
   a - Swiftness                      Charms/Air                   2
   b - Passwall                       Transmutation/Earth          2
   c - Passage of Golubria            Translocation                4
   d - Lee's Rapid Deconstruction     Earth                        5
   e - Darkness                       Hexes                        6
   f - Invisibility                   Hexes                        6
Miscellaneous
 c - a phial of floods
 g - a crystal ball of energy
 x - a plain deck of wonders
 K - a plain deck of defence
 L - a plain deck of defence {the Elixir}
 S - a plain deck of changes {Wild Magic}
Comestibles
 d - 21 bread rations
 E - 11 fruits


   Skills:
 + Level 9.8 Fighting
 - Level 10.1 Short Blades
 + Level 15.6 Dodging
 + Level 16.9 Stealth
 - Level 7.2 Shields
 * Level 18.2 Spellcasting
 + Level 13.5 Hexes
 - Level 7.0 Evocations


You had 22 spell levels left.
You knew the following spells:

 Your Spells              Type           Power        Failure   Level  Hunger
a - Corona                Hex            ######.      1%          1    None
b - Ensorcelled Hibernat  Hex/Ice        ######       1%          2    None
c - Confuse               Hex            ######..     1%          3    None
d - Dazzling Spray        Conj/Hex       ######       1%          3    None
e - Mephitic Cloud        Conj/Pois/Air  ###.....     17%         3    None
f - Tukima's Dance        Hex            ######..     1%          3    None
g - Invisibility          Hex            ######..     3%          6    #####..
h - Apportation           Tloc           ###.......   6%          1    None
i - Silence               Hex/Air        ######....   14%         5    ###....
j - Repel Missiles        Chrm/Air       ###...       10%         2    None


Dungeon Overview and Level Annotations

Branches:
Dungeon (15/15)            Temple (1/1) D:7            Lair (8/8) D:9
 Shoals (4/4) Lair:3       Spider (0/4) Lair:3        Slime (0/6) Lair:8
    Orc (2/2) D:12            Elf (0/3) Orc:2        Vaults (0/5) D:13
 Depths (0/5) D:15

Altars:
Ashenzari
Cheibriados
Dithmenos
Elyvilon
Fedhas
Gozag
Kikubaaqudgha
Makhleb
Nemelex Xobeh
Okawaru
Pakellas
Ru
Sif Muna
Trog
Vehumet
Xom
Yredelemnul
Zin
The Shining One
Beogh
Jiyva

Shops:
D:9 !   D:12 *?*(%   D:13 (   Orc:2 [(:*


Innate Abilities, Weirdness & Mutations

You are tiny and cannot use many weapons and most armour.
You have supernaturally acute eyesight.
You are a herbivore.
You cover ground extremely quickly.
You need consume almost no food.
You have a pair of small horns on your head.
Your flesh is heat resistant.
You are resistant to hostile enchantments.
You occasionally shout uncontrollably at your foes.
Your muscles are strong. (Str +2)
Your spells are a little harder to cast, but a little more powerful.
You evolve.


Message History

Aiming: Dazzling Spray
Press: ? - help, Shift-Dir - straight line, f - merfolk
Aim: a merfolk, wielding a halberd The spray of energy hits the merfolk.
The merfolk is moderately wounded.
The spray of energy hits the merfolk.
The merfolk is moderately wounded.
The spray of energy misses the merfolk impaler.
The spray of energy hits the merfolk impaler.
The merfolk impaler is lightly wounded.
The merfolk hits you with a halberd!!
The merfolk impaler completely misses you. x2
The merfolk impaler hits you from afar with a trident of protection!!
* * * LOW HITPOINT WARNING * * *
The merfolk closely misses you.
The merfolk impaler hits you from afar with a trident of venom!
* * * LOW HITPOINT WARNING * * *
You are poisoned.
The merfolk hits you from afar with a halberd!
You die...

....≈≈≈≈.....##..)≈...#
..≈≈≈≈≈.......#..#.#.##
....≈≈.......≈##≈...≈#
.....≈.......≈##.#.#.# ..
....≈≈≈......##...≈...# ≈≈..
...≈≈≈≈≈.....###[###.###≈≈...
..≈≈≈≈≈≈<......### ###.....m.
.≈≈≈≈≈≈≈...≈...#####.#.....m.
≈≈≈≈≈≈≈≈≈.......@).......m≈..
≈≈≈≈≈≈≈≈≈≈..≈..())mm.........
≈≈≈≈≈≈≈≈≈≈≈≈≈....mm......m..≈
≈≈≈≈≈≈≈≈≈≈≈≈≈≈..............m
≈≈≈≈≈≈≈≈≈≈≈≈≈≈.....(........≈
≈≈≈≈≈≈≈≈≈≈≈≈≈≈............≈≈≈
≈≈≈≈≈≈≈≈≈≈≈≈≈≈...........≈≈≈≈
≈≈≈≈≈≈≈≈≈.......≈≈≈≈≈≈
≈≈≈≈≈≈≈≈≈≈≈≈≈≈≈≈≈≈≈≈≈


You could see 2 merfolk impalers and 2 merfolk.

Vanquished Creatures
  Gastronok (Lair:3)
  A tengu reaver (D:12)
  Donald (Shoals:1)
  Louise (D:14)
  A fire giant (D:15)
  An orc warlord (Orc:2)
  Aizul (Shoals:1)
  Maud (D:13)
  A stone giant (D:12)
  Nessos (Lair:8)
  A merfolk javelineer (Shoals:4)
  Snorg (D:13)
  A fire dragon (Lair:8)
  A minotaur (Lab)
  4 merfolk impalers
  Josephine (Lair:7)
  The ghost of Anouleth the Impaler, a journeyman MfSk of Nemelex Xobeh (D:13)
  A yaktaur captain (D:12)
  Erolcha (Orc:1)
  A catoblepas (Lair:3)
  4 hydras
  A merfolk avatar (Shoals:1)
  2 death knights
  A merfolk aquamancer (Shoals:1)
  Erica (Orc:1)
  A queen ant (Lair:4)
  A tengu warrior (D:14)
  An orc high priest (Orc:2)
  Urug (D:13)
  13 death yaks
  7 skeletal warriors
  3 unseen horrors
  6 sea snakes
  A phantasmal warrior (D:12)
  The ghost of HAL9000j the Skirmisher, a novice GrFi of Qazlal (D:7)
  5 hill giants
  A wolf spider zombie (D:15)
  2 lindwurms (Lair:8)
  The ghost of Wardy the Cleaver, a novice MiFi (D:6)
  5 deep elf magi
  5 orc knights
  A necromancer (D:13)
  6 griffons
  9 cyclopes
  2 orc sorcerers (Orc:2)
  A wolf spider (D:15)
  4 ugly things
  3 manticores
  9 fauns
  An oklob plant (D:11)
  11 elephants
  7 sirens
  7 black mambas
  A guardian serpent (shapeshifter) (D:15)
  A water nymph (Shoals:3)
  A gargoyle (D:14)
  6 torpor snails (Lair:8)
  12 spiny frogs
  4 rime drakes
  10 komodo dragons
  2 kobold demonologists (D:15)
  A redback zombie (D:14)
  2 efreet (D:15)
  2 freezing wraiths (D:13)
  2 tengu conjurers (D:12)
  14 merfolk
  2 wind drakes
  7 giant leeches (Lair:8)
  11 trolls
  A two-headed ogre (D:12)
  A slime creature (D:12)
  2 polar bears (Lair:6)
  Grinder (D:6)
  A minotaur skeleton (Lab)
  3 snapping turtles
  11 blink frogs
  2 boulder beetles (Lair:8)
  2 vampires
  A spriggan (D:7)
  2 shadows
  7 wraiths
  72 yaks
  2 basilisks
  6 water elementals
  5 hungry ghosts
  A steam dragon (D:8)
  6 vampire mosquitoes
  19 hippogriffs
  2 insubstantial wisps (D:8)
  4 mottled dragons
  5 wargs
  8 soldier ants (Lair:4)
  7 porcupines
  11 water moccasins
  An eye of draining (D:12)
  3 ice beasts
  32 orc warriors
  5 wasps
  2 black bears
  2 necrophages
  6 sky beasts
  17 wolves
  2 phantoms
  11 ogres
  5 centaurs
  20 crocodiles
  5 big kobolds
  19 giant frogs
  2 scorpions
  2 water moccasin skeletons
  6 electric eels
  6 wights
  3 howler monkeys
  4 crimson imps
  2 quasits
  2 wasp zombies
  5 centaur zombies
  12 hounds
  4 jellies
  27 orc priests
  4 giant frog skeletons
  A gnoll shaman (D:8)
  22 orc wizards
  5 centaur skeletons
  7 iguanas
  Ijyb (D:2)
  4 hell rats (Lair:4)
  34 worker ants
  45 sheep
  A killer bee zombie (D:7)
  2 big kobold zombies (Ossuary)
  A hound zombie (D:8)
  9 mummies
  14 gnolls
  10 adders
  55 river rats
  6 shadow imps
  3 oozes
  An adder zombie (D:7)
  An adder skeleton (D:4)
  19 worms
  8 dart slugs
  7 giant geckos
  91 orcs
  7 giant cockroaches
  3 goblins
  9 hobgoblins
  8 jackals
  4 quokkas
  A ball python (D:4)
  10 bats
  3 giant newts
  2 goblin zombies (D:8)
  2 hobgoblin zombies (Ossuary)
  21 kobolds
  2 kobold zombies (Ossuary)
  2 orc zombies (Ossuary)
  A quokka skeleton (D:6)
  12 rats
  2 plants
1052 creatures vanquished.

Vanquished Creatures (others)
  A snapping turtle (Shoals:3)
  A sheep (Shoals:3)
  25 fungi
  19 plants
46 creatures vanquished.

Grand Total: 1098 creatures vanquished

Notes
Turn   | Place    | Note
--------------------------------------------------------------
     0 | D:1      | juanjsm the Spriggan Enchanter began the quest for the Orb.
     0 | D:1      | Reached XP level 1. HP: 9/9 MP: 5/5
   342 | D:1      | Reached XP level 2. HP: 8/13 MP: 4/6
   346 | D:1      | Learned a level 2 spell: Ensorcelled Hibernation
   550 | D:1      | Found a snail-covered altar of Cheibriados.
   627 | D:1      | Reached skill level 3 in Spellcasting
   627 | D:1      | Reached XP level 3. HP: 17/17 MP: 2/8
   632 | D:1      | Learned a level 3 spell: Confuse
  1106 | D:2      | Noticed Ijyb
  1142 | D:2      | Killed Ijyb
  1142 | D:2      | Reached XP level 4. HP: 21/21 MP: 10/10
  1149 | D:2      | Learned a level 3 spell: Dazzling Spray
  1164 | D:2      | Reached skill level 5 in Stealth
  1324 | D:2      | Found a blossoming altar of Fedhas.
  1530 | D:2      | Reached skill level 1 in Fighting
  2000 | D:3      | Found a shattered altar of Ashenzari.
  2072 | D:4      | Reached skill level 4 in Spellcasting
  2072 | D:4      | Reached XP level 5. HP: 25/25 MP: 1/12
  2212 | D:3      | Found a deep blue altar of Sif Muna.
  2489 | D:4      | Found a radiant altar of Vehumet.
  2489 | D:4      | Noticed an ogre
  2633 | D:4      | Killed an ogre
  2639 | D:4      | Reached XP level 6. HP: 30/30 MP: 7/13
  2704 | D:5      | Entered Level 5 of the Dungeon
  3185 | D:4      | Reached skill level 5 in Spellcasting
  3185 | D:4      | Reached skill level 5 in Hexes
  3720 | D:5      | Reached XP level 7. HP: 33/35 MP: 11/15
  3756 | D:5      | Reached skill level 5 in Dodging
  4571 | D:5      | Found a bloodstained altar of Trog.
  4760 | D:6      | Noticed Wardy's ghost (novice MiFi)
  5101 | D:5      | Found an ancient bone altar of Kikubaaqudgha.
  5430 | D:6      | Reached skill level 6 in Spellcasting
  5471 | D:7      | Noticed a hippogriff
  5476 | D:7      | Killed a hippogriff
  5476 | D:7      | Reached XP level 8. HP: 39/39 MP: 11/18
  5614 | D:7      | Noticed HAL9000j's ghost (novice GrFi)
  5729 | D:8      | Found a sand-covered staircase.
  5737 | Ossuary  | Entered an ossuary
  6498 | D:6      | Killed Wardy's ghost
  6498 | D:6      | Reached skill level 7 in Spellcasting
  6552 | D:6      | Found an opulent altar of Gozag.
  6705 | D:6      | Noticed Grinder
  6709 | D:6      | Killed Grinder
  6709 | D:6      | Reached skill level 5 in Short Blades
  6709 | D:6      | Reached XP level 9. HP: 44/44 MP: 17/21
  6900 | D:7      | Killed HAL9000j's ghost
  6900 | D:7      | Reached skill level 8 in Spellcasting
  7281 | D:7      | Found a staircase to the Ecumenical Temple.
  7290 | Temple   | Entered the Ecumenical Temple
  7329 | Temple   | Became a worshipper of Warmaster Okawaru
  7474 | D:7      | Reached skill level 9 in Spellcasting
  7509 | D:7      | Reached * piety under Okawaru
  7895 | D:7      | Reached XP level 10. HP: 34/51 MP: 9/24
  8151 | D:9      | Found a sparkling altar of Nemelex Xobeh.
  8270 | D:9      | Reached ** piety under Okawaru
  8299 | D:9      | Reached skill level 10 in Stealth
  8686 | D:8      | Reached skill level 10 in Spellcasting
  8994 | D:8      | Reached skill level 1 in Evocations
  9549 | D:9      | Found a sacrificial altar of Ru.
  9660 | D:10     | Entered Level 10 of the Dungeon
  9758 | D:9      | Reached skill level 5 in Fighting
  9938 | D:9      | Found a staircase to the Lair.
  9951 | Lair:1   | Entered Level 1 of the Lair of Beasts
  9987 | Lair:1   | Noticed a seven-headed hydra
 10008 | Lair:1   | Killed a seven-headed hydra
 10008 | Lair:1   | Reached *** piety under Okawaru
 10035 | Lair:1   | Noticed a black mamba
 10189 | Lair:1   | Killed a black mamba
 10189 | Lair:1   | Reached XP level 11. HP: 56/56 MP: 19/26
 10350 | Lair:2   | Noticed an eight-headed hydra
 10371 | Lair:1   | Reached **** piety under Okawaru
 10755 | Lair:1   | Reached skill level 11 in Spellcasting
 11512 | Lair:3   | Reached skill level 10 in Dodging
 11619 | Lair:2   | Killed an eight-headed hydra
 11619 | Lair:2   | Reached skill level 5 in Evocations
 11981 | Lair:2   | Reached ***** piety under Okawaru
 12193 | Lair:3   | Found a staircase to the Shoals.
 12194 | Lair:3   | Noticed a griffon
 12338 | Lair:4   | Noticed a catoblepas
 12636 | Lair:3   | Noticed Gastronok
 12654 | Lair:3   | Killed Gastronok
 12797 | Lair:3   | Reached skill level 12 in Spellcasting
 12968 | Lair:3   | Found a hole to the Spider Nest.
 13013 | Lair:3   | Reached XP level 12. HP: 61/61 MP: 23/29
 13354 | Lair:3   | Killed a catoblepas
 13661 | Lair:4   | Received a gift from Okawaru
 13752 | Lair:4   | Got a vibrating pewter amulet
 13754 | Lair:4   | Identified the amulet of Sunlight {Harm *Drain Int+3} (You found it on level 4 of the Lair of Beasts)
 14797 | Lair:4   | Noticed a queen ant
 14886 | Lair:4   | Killed a queen ant
 14891 | Lair:4   | Learned a level 3 spell: Mephitic Cloud
 15088 | Lair:6   | Noticed a seven-headed hydra
 15106 | Lair:5   | Reached skill level 10 in Hexes
 15296 | Lair:5   | Noticed a death yak
 15296 | Lair:5   | Noticed a death yak
 15322 | Lair:5   | Reached skill level 13 in Spellcasting
 15349 | Lair:5   | Noticed a death yak
 15350 | Lair:5   | Noticed a death yak
 16010 | Lair:4   | Killed a death yak
 16045 | Lair:4   | Killed a death yak
 16187 | Lair:4   | Killed a death yak
 16187 | Lair:4   | Received a gift from Okawaru
 16188 | Lair:4   | Got an iridescent dagger {god gift}
 16189 | Lair:4   | Identified the +8 dagger of Trial by Ordeal {freeze, *Rage +Rage MP+9 Dex+6} (Okawaru gifted it to you on level 4 of the Lair of Beasts)
 16309 | Lair:4   | Killed a death yak
 16309 | Lair:4   | Reached ****** piety under Okawaru
 16570 | Lair:5   | Reached XP level 13. HP: 66/66 MP: 31/31
 17850 | Lair:8   | Entered Level 8 of the Lair of Beasts
 17955 | Lair:7   | Reached skill level 14 in Spellcasting
 18172 | Lair:7   | Noticed Josephine
 18230 | Lair:7   | Reached skill level 10 in Short Blades
 18508 | Lair:7   | Received a gift from Okawaru
 18509 | Lair:7   | Got a shimmering robe {god gift}
 18520 | Lair:7   | Identified the +0 robe of the Big Bang {rElec} (Okawaru gifted it to you on level 7 of the Lair of Beasts)
 19124 | Lair:8   | Found a viscous altar of Jiyva.
 19125 | Lair:8   | Found a staircase to the Slime Pits.
 19450 | Lair:8   | Found a runed door.
 19574 | Lair:8   | Reached skill level 1 in Shields
 19969 | Lair:8   | Noticed a fire dragon
 20005 | Lair:8   | Killed a fire dragon
 20371 | Lair:8   | Reached XP level 14. HP: 72/72 MP: 18/33
 20700 | Lair:8   | Reached skill level 15 in Spellcasting
 20822 | Lair:8   | Received a gift from Okawaru
 20968 | Lair:8   | Noticed Nessos
 21031 | Lair:8   | Killed Nessos
 21564 | Lair:7   | Received a gift from Okawaru
 21824 | Lair:7   | Killed Josephine
 22464 | Lair:2   | Learned a level 3 spell: Tukima's Dance
 22626 | D:9      | Found Haumium's Distillery.
 23136 | D:10     | Found a shimmering altar of Xom.
 24008 | D:12     | Received a gift from Okawaru
 24189 | D:12     | Found Baetiam's Food Emporium.
 24211 | D:12     | Found Jacvyimp's Magic Scroll Shoppe.
 24224 | D:12     | Bought a scroll of identify for 28 gold pieces
 24224 | D:12     | Bought a scroll of torment for 105 gold pieces
 24224 | D:12     | Bought a scroll of fear for 49 gold pieces
 24224 | D:12     | Bought a scroll of random uselessness for 14 gold pieces
 24224 | D:12     | Bought a scroll of noise for 14 gold pieces
 24224 | D:12     | Bought a scroll of identify for 28 gold pieces
 24224 | D:12     | Bought a scroll of remove curse for 42 gold pieces
 24264 | D:12     | Found Afoafa's Antique Weapon Shop.
 24322 | D:12     | Found a labyrinth entrance.
 24347 | Lab      | Entered a labyrinth
 24411 | Lab      | Received a gift from Okawaru
 24412 | Lab      | Got a slimy demon trident {god gift}
 24482 | Lab      | Got a bloodstained cloak
 24501 | D:12     | Identified the cursed +0 cloak of Gucuop {rF++ MR+ Str-2 Stlth+} (You found it in a labyrinth)
 24511 | D:12     | Identified the +3 demon trident "Zutovis" {pain, rElec Str+5} (Okawaru gifted it to you in a labyrinth)
 24527 | D:12     | Gained mutation: Your spells are a little harder to cast, but a little more powerful. [potion of mutation]
 24527 | D:12     | Gained mutation: You evolve. [potion of mutation]
 24528 | D:12     | Gained mutation: You occasionally shout uncontrollably at your foes. [potion of mutation]
 24528 | D:12     | Gained mutation: You are resistant to hostile enchantments. [potion of mutation]
 24528 | D:12     | Lost mutation: Your spells are a little harder to cast, but a little more powerful. [potion of mutation]
 24529 | D:12     | Gained mutation: Your muscles are strong. (Str +2) [potion of mutation]
 24529 | D:12     | Gained mutation: You are frail (-10% HP). [potion of mutation]
 24532 | D:12     | Gained mutation: You have a pair of small horns on your head. [potion of beneficial mutation]
 24533 | D:12     | Gained mutation: Your flesh is heat resistant. [potion of beneficial mutation]
 24873 | D:12     | Found a staircase to the Orcish Mines.
 25093 | D:11     | Reached skill level 15 in Stealth
 25178 | D:11     | Found a glowing silver altar of Zin.
 25759 | D:12     | Reached skill level 16 in Spellcasting
 25818 | D:12     | Found Izuss's General Store.
 25825 | D:12     | Bought a scroll of blinking for 120 gold pieces
 25825 | D:12     | Bought a scroll of identify for 32 gold pieces
 25873 | D:13     | Noticed Urug
 25886 | D:13     | Killed Urug
 25894 | D:13     | Noticed Anouleth's ghost (journeyman MfSk)
 25905 | D:13     | Killed Anouleth's ghost
 25946 | D:12     | Found an oddly glowing altar of Pakellas.
 26131 | D:12     | Reached XP level 15. HP: 70/70 MP: 32/36
 26141 | D:12     | Found Nyunij's General Store.
 26144 | D:12     | Bought a scroll of enchant armour for 82 gold pieces
 26144 | D:12     | Bought a potion of cancellation for 88 gold pieces
 26279 | D:12     | Found a roughly hewn altar of Beogh.
 26748 | D:12     | Received a gift from Okawaru
 27009 | D:12     | Noticed a tengu reaver
 27020 | D:12     | Killed a tengu reaver
 27047 | D:12     | Identified The Arcane Secrets of Witchery
 27207 | D:12     | Bought a glowing dagger for 54 gold pieces
 27536 | Orc:1    | Entered Level 1 of the Orcish Mines
 27602 | Orc:1    | Noticed Erica
 27771 | Orc:1    | Killed Erica
 27782 | Orc:2    | Entered Level 2 of the Orcish Mines
 27799 | Orc:2    | Reached skill level 5 in Shields
 27821 | Orc:1    | Found a roughly hewn altar of Beogh.
 28108 | Orc:1    | Noticed Erolcha
 28124 | Orc:1    | Killed Erolcha
 28351 | Orc:2    | Found a staircase to the Elven Halls.
 28512 | Orc:2    | Found a roughly hewn altar of Beogh.
 29290 | Orc:2    | Found a roughly hewn altar of Beogh.
 29293 | Orc:2    | Noticed an orc warlord
 29344 | Orc:2    | Killed an orc warlord
 29617 | Orc:2    | Found Wuukhuej's Antique Weapon Shop.
 29624 | Orc:2    | Found Zim Fomnif's Antique Armour Shop.
 29630 | Orc:2    | Found Kunlatoto's Book Shop.
 29693 | Orc:2    | Found Motiej's General Store.
 29700 | Orc:2    | Bought a scroll of identify for 24 gold pieces
 29700 | Orc:2    | Bought a scroll of identify for 24 gold pieces
 29825 | Orc:2    | Bought a book of Party Tricks for 650 gold pieces
 29832 | Orc:2    | Learned a level 6 spell: Invisibility
 29834 | Orc:2    | Learned a level 1 spell: Apportation
 29834 | Orc:2    | Bought a book of Dreams for 975 gold pieces
 29840 | Orc:2    | Learned a level 5 spell: Silence
 30286 | D:13     | Found Ofen Aqo's Antique Weapon Shoppe.
 30805 | D:13     | Noticed Snorg
 30866 | D:13     | Received a gift from Okawaru
 31093 | D:13     | Killed Snorg
 31186 | D:13     | Found a gate to the Vaults.
 31340 | D:13     | Noticed Maud
 31360 | D:13     | Killed Maud
 31494 | D:13     | Got a faintly glowing trident
 31709 | D:14     | Reached skill level 17 in Spellcasting
 32104 | D:15     | Entered Level 15 of the Dungeon
 32362 | D:15     | Found a staircase to the Depths.
 32362 | D:15     | Noticed a fire giant
 32376 | D:14     | Noticed Louise
 32383 | D:14     | Killed Louise
 32634 | D:14     | Gained mutation: Your spells are a little harder to cast, but a little more powerful. [evolution]
 33389 | D:15     | Reached XP level 16. HP: 75/75 MP: 33/38
 34525 | D:15     | Received a gift from Okawaru
 34587 | D:15     | Reached skill level 15 in Dodging
 34873 | Lair:2   | Identified the +6 trident "Grim" {speed, rN+ MR+ Int-3} (You found it on level 13 of the Dungeon)
 35094 | Orc:2    | Bought a book of Air for 455 gold pieces
 35097 | Orc:2    | Learned a level 2 spell: Repel Missiles
 35277 | Shoals:1 | Entered Level 1 of the Shoals
 35610 | Shoals:1 | Noticed Donald
 35932 | Shoals:1 | Noticed Aizul
 35935 | Shoals:1 | Killed Aizul
 36015 | Shoals:1 | Killed Donald
 36065 | Shoals:1 | Lost mutation: You are frail (-10% HP). [evolution]
 36869 | Shoals:3 | Reached skill level 18 in Spellcasting
 37038 | Shoals:4 | Entered Level 4 of the Shoals
 37555 | Shoals:4 | Found a sacrificial altar of Ru.
 37656 | Shoals:4 | Mangled by a merfolk

Skill      XL: |  1  2  3  4  5  6  7  8  9 10 11 12 13 14 15 16 |
---------------+-------------------------------------------------+-----
Spellcasting   | 3 4 5 6 7 9 10 12 13 14 16 17 18 | 18.2
Hexes          | 4 5 6 7 8 9 10 11 12 13 | 13.5
Stealth        | 5 6 8 9 10 11 12 13 15 16 | 16.9
Short Blades   | 2 3 4 5 6 7 8 9 10 | 10.1
Fighting       | 1 2 3 4 5 6 7 8 9 |  9.8
Dodging        | 4 5 6 8 9 10 11 13 14 15 | 15.6
Evocations     | 3 6 7 |  7.0
Shields        | 1 4 6 7 |  7.2

Action                   |  1- 3 |  4- 6 |  7- 9 | 10-12 | 13-15 | 16-18 || total
-------------------------+-------+-------+-------+-------+-------+-------++-------
Melee: Dagger            |    76 |   118 |   289 |   549 |  1117 |   185 ||  2334
       Rapier            |       |       |       |       |    18 |    42 ||    60
       Headbutt          |       |       |       |       |    83 |    44 ||   127
 Cast: Corona            |    10 |       |       |       |     1 |       ||    11
       Ensorcelled Hiber |    14 |    51 |    81 |   255 |   439 |    82 ||   922
       Confuse           |       |     7 |    51 |    57 |   243 |    90 ||   448
       Dazzling Spray    |       |       |     6 |    29 |    22 |    34 ||    91
       Invisibility      |       |       |       |       |       |     2 ||     2
       Repel Missiles    |       |       |       |       |       |     1 ||     1
Invok: Heroism           |       |       |       |       |     1 |       ||     1
 Abil: Evoke Flight      |       |       |       |       |       |     2 ||     2
Evoke: Wand              |       |       |       |     1 |       |       ||     1
  Use: Potion            |       |       |     1 |       |     7 |       ||     8
       Scroll            |       |       |       |     9 |    19 |     7 ||    35
 Stab: Sleeping          |    19 |    52 |    56 |   192 |   334 |    53 ||   706
       Confused          |       |     5 |    33 |    30 |   139 |    27 ||   234
       Distracted        |       |     1 |     1 |     9 |     8 |       ||    19
       Invisible         |       |       |     1 |     2 |     9 |    28 ||    40
  Eat: Royal jelly       |       |     1 |       |       |     4 |       ||     5
       Fruit             |       |       |     6 |     2 |    16 |     5 ||    29
       Pizza             |       |       |       |     4 |     1 |       ||     5
Armor: Robe              |     7 |     2 |    13 |    13 |    18 |     3 ||    56
Dodge: Dodged            |    48 |    71 |   134 |   291 |   686 |   182 ||  1412
       Deflected         |       |       |       |       |       |     3 ||     3
Block: Buckler           |       |       |       |       |       |    41 ||    41
